 Dungeon Crawl Stone Soup version 0.31-a0-369-g8eba5f6939 (webtiles) character file.

Game seed: 8659620543583759853

81 spiderkeys the Insei (level 4, -4/29 HPs)
             Began as an Octopode Shapeshifter on July 28, 2023.
             Slain by a gnoll
             ... wielding a +0 whip
              (7 damage)
             ... on level 2 of the Dungeon.
             The game lasted 00:01:43 (1477 turns).

spiderkeys the Insei (Octopode Shapeshifter)        Turns: 1477, Time: 00:01:43

Health: -4/29      AC:  1    Str: 14    XL:     4   Next: 42%
Magic:  4/4        EV: 14    Int: 10    God:
Gold:   35         SH:  0    Dex: 20    Spells: 3/3 levels left

rFire   . .          .
                       - Unarmed
rCold   . . .        (no shield)
rNeg    . . .        (helmet currently unavailable)
rPois   .            (no amulet)
rElec   .            D - +6 ring of dexterity
rCorr   .            (no ring)
SInv    .            (no ring)
Will    .....        (no ring)
Stlth   +++          (no ring)
HPRegen 0.24/turn    (no ring)
MPRegen 0.09/turn    (no ring)
                     (no ring)

%: no passive effects
@: beast-form
A: beast (slay +2), almost no armour, amphibious, 8 rings, camouflage 1,
gelatinous body 1, (nimble swimmer 1), tentacles
a: Begin Untransformation


You were on level 2 of the Dungeon.
You were a hulking beast.
You visited 1 branch of the dungeon, and saw 3 of its levels.

You collected 35 gold pieces.


Innate Abilities, Weirdness & Mutations

You are a hulking beast.
Your limbs bulge with bestial killing power. (Slay +2)
You cannot wear most types of armour.
You are amphibious.
You can wear up to eight rings at the same time.
Your skin changes colour to match your surroundings (Stealth+).
Your rubbery body absorbs attacks. (AC +1, EV +1)
((You are camouflaged when in or above water. (Stealth+)))
You have tentacles for arms and can constrict up to eight enemies at once.


   Skills:
 + Level 2.2 Fighting
 + Level 2.8 Dodging
 + Level 3.5 Unarmed Combat
 + Level 3.4 Shapeshifting


You had 3 spell levels left.
You didn't know any spells.
Your spell library was empty.

Inventory:

Missiles
 c - 2 poisoned darts
 d - 36 stones
Armour
 g - a +2 hat
   (You found it on level 1 of the Dungeon)
Jewellery
 C - a ring of ice
   (You found it on level 2 of the Dungeon)
 D - a +6 ring of dexterity (left tentacle)
   (You found it on level 1 of the Dungeon)
Talismans
 b - a beast talisman
Scrolls
 i - 2 scrolls of identify {@r1}
 j - a scroll of amnesia
Potions
 a - a potion of lignification {!q}
 e - a potion of mutation {unknown}
 f - 4 potions of curing {unknown}
 h - a potion of enlightenment {unknown}
 k - a potion of haste {unknown}
 l - 2 potions of heal wounds {unknown}
 m - a potion of resistance {unknown}

Dungeon Overview and Level Annotations

Branches:
Dungeon (3/15) Zot: 16525

Altars:
Elyvilon

..#### .....# ####
..##.################## #..#
.†##..................# #..##
..########.)...##.....#######....
### #..<..##................
#.^...##..........###...
#.....##g.........###...
#.....)hg...........##..
#......g............##.#
#......................#
####.......####......#.#...
#######......#...####............
...........................##..#.
[.#####.........#..#..#..####....
#..# #......##.#.........###....
##.## #......##......##..........


You could see 2 gnolls and a goblin.


Message History

No target in view!
You see here a dart slug corpse.
Key pressed, stopping explore.
You see here a +0 sling.
Key pressed, stopping explore.
Done exploring. 😎 HP[+1]
Your hp is fully restored (29).
Done exploring.
There is a stone staircase leading down here.
You climb downwards.
Found a stone staircase leading down.
There is a stone staircase leading up here.
A rat is nearby!
Okay, then.
A rat is nearby!
The helpless rat fails to defend itself.
You tentacle-slap the rat. You grab the rat. You tentacle-slap the rat.
You kill the rat!
No target in view!
There is a stone staircase leading down here.
You now have 35 gold pieces (gained 16).
Key pressed, stopping explore.
A gnoll comes into view. It is wielding a +0 whip.
A gnoll is nearby!
A gnoll comes into view. It is wielding a +0 flail.
A gnoll comes into view. It is wielding a +0 club.
The gnoll shouts!
You hear a shout! x4
A gnoll comes into view. It is wielding a +0 whip.
The gnoll misses you.
A goblin comes into view. It is wielding a +0 club. x2
The gnoll shouts!
You tentacle-slap the gnoll. You grab the gnoll. You constrict the gnoll.
You hear a shout! x2
The gnoll hits you with a +0 whip! 😮 HP[-8]
You take 8 damage, and now have 21/29 hp.
MASSIVE DAMAGE!! (PAUSE)
You release your grip on the gnoll. 😕 HP[+1]
The gnoll attacks as you move away!
The gnoll hits you with a +0 whip. 😮 HP[-5]
You take 5 damage, and now have 17/29 hp.
You barely miss the gnoll. Your grab misses the gnoll. You squeeze the gnoll!
The gnoll misses you. The gnoll hits you with a +0 flail!
* * * LOW HITPOINT WARNING * * *
😱 HP[-10]
You take 10 damage, and now have 7/29 hp.
MASSIVE DAMAGE!! (PAUSE)
You tentacle-slap the gnoll.
You kill the gnoll!
A goblin comes into view. It is wielding a +0 dagger. 😨 HP[+1]
The gnoll attacks as you move away! The gnoll misses you. 😨 HP[+1]
The gnoll attacks as you move away! The gnoll closely misses you.
The gnoll attacks as you move away! The gnoll misses you.
There is a stone staircase leading up here. 😨 HP[+1]
The gnoll barely misses you.
You climb upwards.
There is a stone staircase leading down here.
You tentacle-slap the gnoll but do no damage.
You grab the gnoll. You constrict the gnoll. The gnoll closely misses you.
You tentacle-slap the gnoll. You constrict the gnoll.
The gnoll closely misses you. 😨 HP[+1]
You tentacle-slap the gnoll.
You constrict the gnoll, but do no damage.
The gnoll closely misses you.
You tentacle-slap the gnoll but do no damage.
You squeeze the gnoll.
You kill the gnoll!
You start resting. 😎 HP[+18]
Your hp is fully restored (29).
You climb downwards.
The gnoll hits you with a +0 club. The goblin hits you with a +0 club.
The gnoll barely misses you. The gnoll hits you with a +0 club.
The gnoll barely misses you. The goblin hits you with a +0 club.
* * * LOW HITPOINT WARNING * * *
There is a stone staircase leading up here. 😨 HP[-17]
You take 17 damage, and now have 12/29 hp.
MASSIVE DAMAGE!! (PAUSE)
The gnoll hits you with a +0 club.
* * * LOW HITPOINT WARNING * * *
The gnoll hits you with a +0 whip!
* * * LOW HITPOINT WARNING * * *
The goblin misses you.
You climb upwards.
There is a stone staircase leading down here. 😱 HP[-8]
You take 8 damage, and now have 4/29 hp.
MASSIVE DAMAGE!! (PAUSE)
You tentacle-slap the gnoll but do no damage.
Your grab misses the gnoll. The goblin hits you with a +0 club.
* * * LOW HITPOINT WARNING * * *
The gnoll hits you with a +0 whip!
You die...

Skill      XL: |  1  2  3 |
---------------+----------+-----
Fighting       | 2 |  2.2
Dodging        | |  2.8
Unarmed Combat | |  3.5
Shapeshifting  | |  3.4

Action                     |  1- 3 |  4- 6 || total
---------------------------+-------+-------++-------
  Melee: Unarmed           |    64 |    12 ||    76
         Constrict         |    21 |     4 ||    25
         Tentacles         |    13 |     3 ||    16
         Punch             |       |     1 ||     1
    Use: Scroll            |     1 |       ||     1
   Stab: Sleeping          |     6 |     3 ||     9
 Armour: Skin              |     2 |       ||     2
  Dodge: Dodged            |    34 |    12 ||    46

Levels and vault maps discovered:
D:1:      roderic_chinese_lattice_arrival, layout_basic,
          hellmonk_ecumenical_altar_prayer_group, kennysheep_crisscross,
          dk_noncrumbling_3, grunt_decor_arrowhead, minmay_stone_trees_medium,
          minmay_tetromino_s2
D:2:      layout_rooms, basic_altar
D:3:      kennysheep_the_goblin_king, layout_basic

Notes
Turn   | Place    | Note
-------+----------+-------------------------------------------
     0 | D:1      | spiderkeys the Octopode Shapeshifter began the quest for
                  | the Orb.
     0 | D:1      | Reached XP level 1. HP: 13/13 MP: 1/1
     0 | D:1      | magus.rc [v1.11.6]
   283 | D:1      | Reached XP level 2. HP: 16/18 MP: 2/2
   653 | D:1      | Reached XP level 3. HP: 22/23 MP: 3/3
   708 | D:1      | Found a faded altar of an unknown god.
   870 | D:2      | Found a white marble altar of Elyvilon.
  1036 | D:2      | Reached skill level 2 in Fighting
  1073 | D:2      | Reached XP level 4. HP: 28/29 MP: 4/4
  1381 | D:3      | HP: 7/29 [gnoll/+0 flail (11)]
  1475 | D:3      | HP: 3/29 [gnoll/+0 whip (7)]
  1477 | D:2      | Slain by a gnoll

Vanquished Creatures
  2 gnolls
  An adder (D:2)
  A worm (D:2)
  3 dart slugs
  5 ball pythons
  2 endoplasms
  A giant cockroach (D:1)
  5 goblins (D:1)
  A hobgoblin (D:1)
  6 kobolds (D:1)
  4 quokkas
  3 bats
  3 frilled lizards
  9 rats
46 creatures vanquished.

Table legend:
 A = Non-vault XP
 B = Vault XP
 C = Vault XP percentage of total XP
 D = Non-vault monster count
 E = Vault monster count
 F = Vault count percentage of total count
                 A         B        C        D         E       F
            +---------+---------+-------+---------+---------+-------
      Total |     110 |       7 |   6.0 |      42 |       4 |   8.7
            +---------+---------+-------+---------+---------+-------
        D:1 |      40 |       7 |  14.9 |      24 |       4 |  14.3
        D:2 |      55 |       0 |   0.0 |      16 |       0 |   0.0
        D:3 |      15 |       0 |   0.0 |       2 |       0 |   0.0
            +---------+---------+-------+---------+---------+-------

Skill      XL: |  1  2  3 |
---------------+----------+-----
Fighting       | 2 |  2.2
Dodging        | |  2.8
Unarmed Combat | |  3.5
Shapeshifting  | |  3.4

Action                     |  1- 3 |  4- 6 || total
---------------------------+-------+-------++-------
  Melee: Unarmed           |    64 |    12 ||    76
         Constrict         |    21 |     4 ||    25
         Tentacles         |    13 |     3 ||    16
         Punch             |       |     1 ||     1
    Use: Scroll            |     1 |       ||     1
   Stab: Sleeping          |     6 |     3 ||     9
 Armour: Skin              |     2 |       ||     2
  Dodge: Dodged            |    34 |    12 ||    46

Illustrated notes

Table legend:
 A = Kills in this place as a percentage of kills in the entire game.
 B = Kills by you in this place as a percentage of kills by you in the entire game.
 C = Kills by friends in this place as a percentage of kills by friends in the entire game.
 D = Other kills in this place as a percentage of other kills in the entire game.
 E = Experience gained in this place as a percentage of experience gained in the entire game.
 F = Experience gained in this place divided by the number of levels of this place that you have seen.
                   A       B       C       D       E      F
               +-------+-------+-------+-------+-------+----------------------
         Total | 100.0 | 100.0 |   N/A |   N/A | 100.0 |  39.0
       Dungeon | 100.0 | 100.0 |   N/A |   N/A | 100.0 |  39.0
               +-------+-------+-------+-------+-------+----------------------

Table legend: (Time is in decaauts)
 A = Elapsed time spent in this place.
 B = Non-inter-level travel time spent in this place.
 C = Inter-level travel time spent in this place.
 D = Time resting spent in this place.
 E = Time spent auto-exploring this place.
 F = Levels seen in this place.
 G = Mean time per level.
                   A        B        C        D        E       F      G
               +--------+--------+--------+--------+--------+-----+--------+
         Total |   1473 |   1450 |     23 |     73 |   1106 |   3 |  491.0 |
       Dungeon |   1473 |   1450 |     23 |     73 |   1106 |   3 |  491.0 |
               +--------+--------+--------+--------+--------+-----+--------+

Top non-repeatable levels by time:
     D:1: 852 daAuts
     D:2: 555 daAuts
     D:3: 65 daAuts
